 Dungeon Crawl Stone Soup version 0.27-a0-379-g34d631faf5 (console) character file.

Game seed: 14984817426858335259

170 Garrluk the Chopper (level 5, -2/69 HPs)
             Began as a Deep Dwarf Berserker on Feb 17, 2021.
             Was a Follower of Trog.
             Slain by an orc wizard
             ... wielding a +2 dagger of electrocution
              (11 damage)
             ... on level 4 of the Dungeon.
             The game lasted 00:03:39 (421 turns).

Garrluk the Chopper (Deep Dwarf Berserker)           Turns: 421, Time: 00:03:40

Health: -2/69      AC:  6    Str: 21    XL:     5   Next: 26%
Magic:  5/5        EV: 11    Int:  8    God:    Trog [*.....]
Gold:   14         SH:  0    Dex: 12    Spells: 4/4 levels left

rFire    . . .     SeeInvis .   a - +0 hand axe
rCold    . . .     Faith    .   (no shield)
rNeg     . . .     Spirit   .   j - +0 ring mail
rPois    .         Reflect  .   f - +0 helmet
rElec    .         Harm     .   (no cloak)
rCorr    .         Rampage  .   (no gloves)
Will     .....                  (no boots)
Stlth    ..........             (no amulet)
HPRegen  0.00/turn              (no ring)
MPRegen  0.09/turn              (no ring)

@: berserking, non-regenerating, very quick
A: damage resistance, heal wounds, sense surroundings 1, no regeneration
a: Heal Wounds, Renounce Religion, Berserk


You were on level 4 of the Dungeon.
You worshipped Trog.
Trog was aware of your devotion.
You visited 1 branch of the dungeon, and saw 4 of its levels.

You collected 14 gold pieces.

Notes
Turn   | Place    | Note
-------+----------+-------------------------------------------
     0 | D:1      | Garrluk the Deep Dwarf Berserker began the quest for the
                  | Orb.
     0 | D:1      | Reached XP level 1. HP: 20/20 MP: 1/1
   135 | D:2      | Noticed Jessica
   142 | D:2      | Reached skill level 4 in Axes
   142 | D:2      | Reached XP level 2. HP: 25/27 MP: 2/2
   150 | D:2      | Killed Jessica
   151 | D:2      | Reached XP level 3. HP: 33/33 MP: 3/3
   227 | D:3      | Reached skill level 5 in Axes
   235 | D:3      | Reached XP level 4. HP: 40/40 MP: 4/4
   302 | D:3      | Reached skill level 6 in Axes
   317 | D:3      | Reached XP level 5. HP: 16/46 MP: 5/5
   339 | D:3      | Reached ** piety under Trog
   421 | D:4      | Slain by an orc wizard

Inventory:

Hand Weapons
 a - a +0 hand axe (weapon)
Armour
 f - a +0 helmet (worn)
   (You found it on level 1 of the Dungeon)
 j - a +0 ring mail (worn)
   (You found it on level 2 of the Dungeon)
Scrolls
 b - a scroll of fog {unknown}
 c - a scroll of noise {unknown}
 d - 2 scrolls of enchant weapon {unknown}
 i - a scroll of teleportation {unknown}
Potions
 e - a potion of brilliance {unknown}
 g - a potion of curing {unknown}
 h - 2 potions of might {unknown}

Table legend: (Time is in decaauts)
 A = Elapsed time spent in this place.
 B = Non-inter-level travel time spent in this place.
 C = Inter-level travel time spent in this place.
 D = Time resting spent in this place.
 E = Time spent auto-exploring this place.
 F = Levels seen in this place.
 G = Mean time per level.
                   A        B        C        D        E       F      G
               +--------+--------+--------+--------+--------+-----+--------+
         Total |    437 |    437 |      0 |     33 |      0 |   4 |  109.2 |
       Dungeon |    437 |    437 |      0 |     33 |      0 |   4 |  109.2 |
               +--------+--------+--------+--------+--------+-----+--------+

Top non-repeatable levels by time:
     D:3: 185 daAuts
     D:1: 134 daAuts
     D:2: 97 daAuts
     D:4: 21 daAuts


   Skills:
 - Level 2.6 Fighting
 * Level 6.6 Axes
 - Level 2.1 Armour
 - Level 2.1 Dodging


You had 4 spell levels left.
You didn't know any spells.
Your spell library was empty.

Dungeon Overview and Level Annotations

Branches:
Dungeon (4/15)
 Temple: D:4-7

Altars:


Innate Abilities, Weirdness & Mutations

You are resistant to damage.
You can heal yourself by infusing magical energy.
You passively map a small area around you.
You do not regenerate.


Message History

2 orc wizards come into view.
An orc wizard is wielding a +2 dagger of electrocution.
The orc wizard shouts! x2; You hear a shout!
The orc wizard moves out of view.
An orc wizard comes into view. It is wielding a +0 dagger.
The orc wizard moves out of view.
You closely miss the orc wizard. The orc wizard casts a spell at you.
The magic dart hits you.
You slash the orc wizard!
The orc wizard is severely wounded.
The orc wizard hits you but does no damage.
You closely miss the orc wizard.
The orc wizard is severely wounded.
The orc wizard gestures at you while chanting.
The puff of flame hits you!
* * * LOW HITPOINT WARNING * * *
You barely miss the orc wizard.
The orc wizard is severely wounded.
The orc wizard barely misses you.
You hit the orc wizard.
The orc wizard is almost dead.
The orc wizard hits you but does no damage.
A red film seems to cover your vision as you go berserk!
You feel yourself moving faster!
You feel mighty! The orc wizard closely misses you.
You barely miss the orc wizard.
The orc wizard is almost dead.
You hit the orc wizard.
You kill the orc wizard!
Trog accepts your kill.
Trog appreciates your killing of a magic user.
You barely miss the orc wizard.
The orc wizard hits you but does no damage.
You closely miss the orc wizard. You barely miss the orc wizard.
The orc wizard closely misses you.
You hit the orc wizard.
The orc wizard is moderately wounded.
The orc wizard hits you but does no damage.
You are electrocuted!
You die...

, ## ##.# **
*##########<#
###*
..........###oo
##########@#.#*
##o# * * ### ,
** * ** * ,,, ,
,,, ,, , ** , *
* * , , , ,


You could see an orc wizard.

Table legend:
 A = Kills in this place as a percentage of kills in entire the game.
 B = Kills by you in this place as a percentage of kills by you in the entire game.
 C = Kills by friends in this place as a percentage of kills by friends in the entire game.
 D = Other kills in this place as a percentage of other kills in the entire game.
 E = Experience gained in this place as a percentage of experience gained in the entire game.
 F = Experience gained in this place divided by the number of levels of this place that you have seen.
                   A       B       C       D       E      F
               +-------+-------+-------+-------+-------+----------------------
         Total | 100.0 | 100.0 |   N/A |   N/A | 100.0 |  61.0
       Dungeon | 100.0 | 100.0 |   N/A |   N/A | 100.0 |  61.0
               +-------+-------+-------+-------+-------+----------------------

Vanquished Creatures
  Monster Symbol All '@' Jessica (D:2)
1 creature vanquished. All 'B' A worker ant (D:3)
1 creature vanquished. All 'J' 2 oozes
2 creatures vanquished. All 'K' A kobold (D:1)
1 creature vanquished. All 'b' 3 bats
3 creatures vanquished. All 'g' A goblin (D:3) A hobgoblin (D:3)
2 creatures vanquished. All 'l' 2 leopard geckos 2 frilled lizards (D:1)
4 creatures vanquished. All 'o' An orc priest (D:3) 2 orc wizards 8 orcs (D:3)
11 creatures vanquished. All 'r' A quokka (D:2) 2 rats
3 creatures vanquished.
28 creatures vanquished. Monster Nature Uniques Jessica (D:2)
1 creature vanquished. Natural Monsters An orc priest (D:3) 2 orc wizards A worker ant (D:3) 2 oozes 2 leopard geckos 8 orcs (D:3) 3 bats A goblin (D:3) A hobgoblin (D:3) A quokka (D:2) 2 frilled lizards (D:1) A kobold (D:1) 2 rats
27 creatures vanquished.
28 creatures vanquished. Ascending Order An orc priest (D:3) Jessica (D:2) A worker ant (D:3) A goblin (D:3) A hobgoblin (D:3) A quokka (D:2) A kobold (D:1) 2 orc wizards 2 oozes 2 leopard geckos 2 frilled lizards (D:1) 2 rats 3 bats 8 orcs (D:3)
28 creatures vanquished.

Action                   |  1- 3 |  4- 6 || total
-------------------------+-------+-------++-------
Melee: Hand axe          |    37 |    55 ||    92
Invok: Berserk           |     2 |     1 ||     3
       Trog's Hand       |       |     1 ||     1
Armor: Animal skin       |     5 |       ||     5
       Ring mail         |     1 |    12 ||    13
Dodge: Dodged            |    18 |    18 ||    36
